APL (24 & UNDER)
NASHUA REDLEGS @ MONTGOMERY GREY SOX
08/12/2026
 
TOP OF THE 1ST
Nashua Redlegs batting - Pitching for Montgomery Grey Sox : LHP Orlando Costa
Pitching: LHP Orlando Costa
Batting: LHB Richard Olvera 0-0: Ball
1-0: Foul Ball, location: 2F
1-1: Ball
2-1: Ball
3-1: Called Strike
3-2: Foul Ball, location: 2F
3-2: Fly out, F7 (Flyball, 7D)
Batting: RHB Spencer Pritchett 0-0: Ball
1-0: Ball
2-0: Ball
3-0: Called Strike
3-1: SINGLE (Line Drive, 89M)
Batting: LHB Keith Green 0-0: Called Strike
Spencer Pritchett is caught stealing 2nd base
0-1: Ball
1-1: Foul Ball, location: 2F
1-2: Foul Ball, location: 2F
1-2: Ball
2-2: Foul Ball, location: 2F
2-2: SINGLE (Groundball, 34D)
Batting: RHB Jacob Pope 0-0: Ball
1-0: Ball
2-0: Called Strike
2-1: Foul Ball, location: 2F
2-2: Ball
3-2: Hit by Pitch
Keith Green to second
Batting: RHB Jason Blair 0-0: Ball
1-0: Swinging Strike
1-1: Foul Ball, location: 2F
1-2: Foul Ball, location: 2F
1-2: Ball
2-2: DOUBLE (Line Drive, 9LS)
Keith Green scores
Jacob Pope to third
Runner from 3rd tries for Home, SAFE, no throw or cutoff
Batting: RHB Javier Ortíz 0-0: Ball
1-0: SINGLE (Line Drive, 56)
Jason Blair to third
Runner from 3rd tries for Home, SAFE, no throw or cutoff
Batting: RHB Gabriel Erwin 0-0: 2-RUN HOME RUN (Flyball, 8LXD), Distance : 424 ft
Batting: RHB Miguel González 0-0: Ball
1-0: Fly out, F9 (Flyball, 9S)
Top of the 1st over - 5 run(s), 5 hit(s), 0 error(s), 0 left on base; Nashua 5 - Montgomery 0
BOTTOM OF THE 1ST
Montgomery Grey Sox batting - Pitching for Nashua Redlegs : LHP Pedro Castro
Pitching: LHP Pedro Castro
Batting: RHB Bryant von Bohlen 0-0: Called Strike
0-1: Ground out 6-3 (Groundball, 6M)
Batting: RHB Sergio Gonzáles 0-0: Ball
1-0: Ball
2-0: Ball
3-0: Base on Balls
Batting: RHB José Carlos Caraballo 0-0: Ball
1-0: Ball
2-0: Ball
3-0: Base on Balls
Sergio Gonzáles to second
Batting: SHB Marvin López 0-0: Fly out, F8 (Flyball, 8LM)
Runner from 2nd tags up, OUT at 3rd
Bottom of the 1st over - 0 run(s), 0 hit(s), 0 error(s), 1 left on base; Nashua 5 - Montgomery 0
TOP OF THE 2ND
Nashua Redlegs batting - Pitching for Montgomery Grey Sox : LHP Orlando Costa
Batting: RHB Juan Reyes 0-0: Ball
1-0: SINGLE (Flyball, 9LS)
Batting: LHB Richard Olvera 0-0: Ball
1-0: Foul Ball, location: 2F
1-1: Ball
2-1: Swinging Strike
2-2: Strikes out swinging
Batting: RHB Spencer Pritchett 0-0: Grounds into double play, 6-4-3 (Groundball, 6M)
Top of the 2nd over - 0 run(s), 1 hit(s), 0 error(s), 0 left on base; Nashua 5 - Montgomery 0
BOTTOM OF THE 2ND
Montgomery Grey Sox batting - Pitching for Nashua Redlegs : LHP Pedro Castro
Batting: SHB Hoyt Norris 0-0: Called Strike
0-1: Foul Ball, location: 2F
0-2: Ball
1-2: Ball
2-2: Ball
3-2: Foul Ball, location: 2F
3-2: Fly out, F7 (Flyball, 7M)
Batting: SHB Joe Pierce 0-0: Ball
1-0: Called Strike
1-1: Foul Ball, location: 2F
1-2: Ball
2-2: Foul Ball, location: 2F
2-2: Strikes out swinging
Batting: SHB Wilson Bray 0-0: Ball
1-0: Called Strike
1-1: Ball
2-1: Foul Ball, location: 2F
2-2: Ball
3-2: Base on Balls
Batting: RHB Frederick Curtis 0-0: Called Strike
0-1: Fly out, F6 (Line Drive, 6)
Bottom of the 2nd over - 0 run(s), 0 hit(s), 0 error(s), 1 left on base; Nashua 5 - Montgomery 0
TOP OF THE 3RD
Nashua Redlegs batting - Pitching for Montgomery Grey Sox : LHP Orlando Costa
Batting: LHB Keith Green 0-0: Ball
1-0: Called Strike
1-1: Ball
2-1: Ball
3-1: Called Strike
3-2: Base on Balls
Batting: RHB Jacob Pope 0-0: Foul Ball, location: 2F
0-1: Foul Ball, location: 2F
0-2: Fly out, F8 (Line Drive, 8LXD)
Batting: RHB Jason Blair 0-0: Ball
1-0: Foul Ball, location: 2F
1-1: Fly out, F4 (Line Drive, 4)
Batting: RHB Javier Ortíz 0-0: Ball
1-0: Ball
2-0: Ground out 1-3 (Groundball, 23)
Top of the 3rd over - 0 run(s), 0 hit(s), 0 error(s), 1 left on base; Nashua 5 - Montgomery 0
BOTTOM OF THE 3RD
Montgomery Grey Sox batting - Pitching for Nashua Redlegs : LHP Pedro Castro
Batting: RHB António Nevárez 0-0: Called Strike
0-1: Foul Ball, location: 2F
0-2: Strikes out swinging
Batting: RHB Bryant von Bohlen 0-0: Called Strike
0-1: DOUBLE (Line Drive, 7LM)
Batting: RHB Sergio Gonzáles 0-0: Ball
1-0: Ball
2-0: Ball
3-0: Base on Balls
Batting: RHB José Carlos Caraballo 0-0: Called Strike
0-1: Ball
1-1: Ball
2-1: Ball
3-1: Foul Ball, location: 2F
3-2: Foul Ball, location: 2F
3-2: Foul Ball, location: 2F
3-2: SINGLE (Line Drive, 78S)
Bryant von Bohlen to third
Sergio Gonzáles to second
Runner from 3rd tries for Home, SAFE, throw made home
Sergio Gonzáles to third
José Carlos Caraballo to second
Batting: SHB Marvin López 0-0: Ball
1-0: Ball
2-0: Ball
3-0: Base on Balls
Batting: SHB Hoyt Norris 0-0: Fly out, F8 (Flyball, 8LM)
Runner from 3rd tags up, OUT at HOME
Bottom of the 3rd over - 1 run(s), 2 hit(s), 0 error(s), 2 left on base; Nashua 5 - Montgomery 1
TOP OF THE 4TH
Nashua Redlegs batting - Pitching for Montgomery Grey Sox : LHP Orlando Costa
Batting: RHB Gabriel Erwin 0-0: Called Strike
0-1: Ball
1-1: Ball
2-1: Foul Ball, location: 2F
2-2: Strikes out swinging
Batting: RHB Miguel González 0-0: Ball
1-0: Foul Ball, location: 2F
1-1: Swinging Strike
1-2: Strikes out looking
Batting: RHB Juan Reyes 0-0: Ball
1-0: Ball
2-0: Called Strike
2-1: Swinging Strike
2-2: Strikes out swinging
Top of the 4th over - 0 run(s), 0 hit(s), 0 error(s), 0 left on base; Nashua 5 - Montgomery 1
BOTTOM OF THE 4TH
Montgomery Grey Sox batting - Pitching for Nashua Redlegs : LHP Pedro Castro
Batting: SHB Joe Pierce 0-0: Swinging Strike
0-1: Foul Ball, location: 2F
0-2: Ball
1-2: Ball
2-2: Ball
3-2: Base on Balls
Batting: SHB Wilson Bray 0-0: Called Strike
0-1: Foul Ball, location: 2F
0-2: Strikes out swinging
Batting: RHB Frederick Curtis 0-0: Ball
1-0: Ball
2-0: Called Strike
2-1: Foul Ball, location: 2F
2-2: Ball
3-2: Ground out 6-3 (Groundball, 6)
Joe Pierce to second
Batting: RHB António Nevárez 0-0: Ball
1-0: Ball
2-0: Ball
3-0: Base on Balls
Batting: RHB Bryant von Bohlen 0-0: Ball
1-0: Ball
2-0: Called Strike
2-1: Ball
3-1: Base on Balls
Joe Pierce to third
António Nevárez to second
Batting: RHB Sergio Gonzáles 0-0: Ball
Wild Pitch!
Joe Pierce scores
António Nevárez to third
Bryant von Bohlen to second
1-0: Ball
2-0: Called Strike
2-1: Ball
3-1: Fly out, F3 (Popup, 3SF)
Bottom of the 4th over - 1 run(s), 0 hit(s), 0 error(s), 2 left on base; Nashua 5 - Montgomery 2
TOP OF THE 5TH
Nashua Redlegs batting - Pitching for Montgomery Grey Sox : LHP Orlando Costa
Batting: LHB Richard Olvera 0-0: Ball
1-0: Foul Ball, location: 2F
1-1: Foul Ball, location: 2F
1-2: Strikes out looking
Batting: RHB Spencer Pritchett 0-0: Called Strike
0-1: Ball
1-1: Foul Ball, location: 2F
1-2: Foul Ball, location: 2F
1-2: Strikes out swinging
Batting: LHB Keith Green 0-0: Called Strike
0-1: Called Strike
0-2: Strikes out swinging
Top of the 5th over - 0 run(s), 0 hit(s), 0 error(s), 0 left on base; Nashua 5 - Montgomery 2
BOTTOM OF THE 5TH
Montgomery Grey Sox batting - Pitching for Nashua Redlegs : LHP Pedro Castro
Batting: RHB José Carlos Caraballo 0-0: Foul Ball, location: 2F
0-1: Fly out, F4 (Popup, 4D)
Pitching: RHP Pedro Cabrera
Batting: SHB Marvin López 0-0: SINGLE (Line Drive, 4D)
Batting: SHB Hoyt Norris 0-0: Called Strike
0-1: Foul Ball, location: 2F
0-2: Ball
1-2: Grounds into double play, 4-6-3 (Groundball, 4)
Bottom of the 5th over - 0 run(s), 1 hit(s), 0 error(s), 0 left on base; Nashua 5 - Montgomery 2
TOP OF THE 6TH
Nashua Redlegs batting - Pitching for Montgomery Grey Sox : LHP Orlando Costa
Pitching: RHP Matt Kinnieson
Batting: RHB Jacob Pope 0-0: Ball
1-0: Fly out, F5 (Line Drive, 5S)
Batting: RHB Jason Blair 0-0: Ball
1-0: Ball
2-0: Called Strike
2-1: Foul Ball, location: 2F
2-2: Ball
3-2: Base on Balls
Batting: RHB Javier Ortíz 0-0: Ball
1-0: Foul Ball, location: 2F
1-1: Called Strike
1-2: Ground out 3-1 (Groundball, 34)
Jason Blair to second
Batting: RHB Gabriel Erwin 0-0: Ground out 5-3 (Groundball, 5)
Top of the 6th over - 0 run(s), 0 hit(s), 0 error(s), 1 left on base; Nashua 5 - Montgomery 2
BOTTOM OF THE 6TH
Montgomery Grey Sox batting - Pitching for Nashua Redlegs : RHP Pedro Cabrera
Batting: SHB Joe Pierce 0-0: DOUBLE (Groundball, 3L)
Batting: SHB Wilson Bray 0-0: Called Strike
0-1: Ball
1-1: Foul Ball, location: 2F
1-2: Ground out 4-3 (Groundball, 4)
Joe Pierce to third
Batting: RHB Frederick Curtis 0-0: Called Strike
0-1: SINGLE (Groundball, 6MD)
Joe Pierce scores
Batting: RHB António Nevárez 0-0: Called Strike
0-1: Foul Ball, location: 2F
0-2: Strikes out swinging
Batting: RHB Bryant von Bohlen 0-0: Called Strike
0-1: Ball
1-1: Fly out, F8 (Flyball, 8LM)
Bottom of the 6th over - 1 run(s), 2 hit(s), 0 error(s), 1 left on base; Nashua 5 - Montgomery 3
TOP OF THE 7TH
Nashua Redlegs batting - Pitching for Montgomery Grey Sox : RHP Matt Kinnieson
Batting: RHB Miguel González 0-0: Ball
1-0: Hit by Pitch
Batting: RHB Juan Reyes 0-0: Ball
1-0: Ball
2-0: Ball
3-0: Base on Balls
Miguel González to second
Batting: LHB Richard Olvera 0-0: Called Strike
0-1: Fielders Choice at 2nd, 1-6 (Groundball, 15S)
Miguel González to third
Pinch Hitting: RHB Juan Cardoza 0-0: Ball
1-0: Swinging Strike
1-1: Ball
2-1: Foul Ball, location: 2F
2-2: Ball
3-2: Strikes out looking
Throwing error on steal attempt, E2
Miguel González scores
Richard Olvera to third
Pitching: RHP Brian Barker
Batting: LHB Keith Green 0-0: Ball
1-0: Ball
2-0: Ball
3-0: Foul Ball, location: 2F
3-1: Swinging Strike
3-2: Strikes out swinging
Top of the 7th over - 1 run(s), 0 hit(s), 1 error(s), 1 left on base; Nashua 6 - Montgomery 3
BOTTOM OF THE 7TH
Montgomery Grey Sox batting - Pitching for Nashua Redlegs : RHP Pedro Cabrera
Now at 2B: Juan Cardoza
Batting: RHB Sergio Gonzáles 0-0: Ball
1-0: Foul Ball, location: 2F
1-1: Ball
2-1: Ball
3-1: Base on Balls
Batting: RHB José Carlos Caraballo 0-0: SINGLE (Groundball, 4M)
Sergio Gonzáles to second
Batting: SHB Marvin López 0-0: Swinging Strike
0-1: Fielders Choice at 2nd, 1-6 (Groundball, 13S)
Sergio Gonzáles to third
Pitching: RHP Tomás Silva
Batting: SHB Hoyt Norris 0-0: Ball
1-0: Foul Ball, location: 2F
1-1: Ball
2-1: Ball
3-1: Foul Ball, location: 2F
3-2: Base on Balls
Marvin López to second
Pinch Hitting: LHB Al Gaines 0-0: Called Strike
0-1: SINGLE (Groundball, 34D) (infield hit)
Sergio Gonzáles scores
Marvin López to third
Hoyt Norris to second
Batting: SHB Wilson Bray 0-0: DOUBLE (Flyball, 8RM)
Marvin López scores
Hoyt Norris scores
Al Gaines to third
Pinch Hitting: LHB Bob Jones 0-0: Intentional Walk
Pinch Hitting: LHB Alberto Santos 0-0: Ground out 4-3 (Groundball, 4M)
Al Gaines scores
Wilson Bray to third
Bob Jones to second
Batting: RHB Bryant von Bohlen 0-0: Foul Ball, location: 2F
0-1: Ball
1-1: Called Strike
1-2: Strikes out swinging
Bottom of the 7th over - 4 run(s), 3 hit(s), 0 error(s), 2 left on base; Nashua 6 - Montgomery 7
TOP OF THE 8TH
Nashua Redlegs batting - Pitching for Montgomery Grey Sox : RHP Brian Barker
Now at SS: Félix Cruz
Now in LF: Bob Jones
Now in RF: Al Gaines
Batting: RHB Jacob Pope 0-0: Ball
1-0: Called Strike
1-1: Ball
2-1: Foul Ball, location: 2F
2-2: Ball
3-2: Base on Balls
Pinch Hitting: LHB Frank Young 0-0: Ball
1-0: Called Strike
1-1: Called Strike
1-2: Strikes out swinging
Batting: RHB Javier Ortíz 0-0: Ball
1-0: Ball
2-0: Foul Ball, location: 2F
2-1: Called Strike
2-2: Ball
3-2: Base on Balls
Jacob Pope to second
Pinch Hitting: LHB Bill McCraney 0-0: Ball
1-0: Ball
2-0: Grounds into double play, 1-4-3 (Groundball, 15S)
Top of the 8th over - 0 run(s), 0 hit(s), 0 error(s), 1 left on base; Nashua 6 - Montgomery 7
BOTTOM OF THE 8TH
Montgomery Grey Sox batting - Pitching for Nashua Redlegs : RHP Tomás Silva
Now at 1B: Frank Young
Now at SS: Bernardo Rodríguez
Batting: RHB Sergio Gonzáles 0-0: Called Strike
0-1: Ball
1-1: Ground out 4-3 (Groundball, 34)
Batting: RHB José Carlos Caraballo 0-0: Ball
1-0: Swinging Strike
1-1: Foul Ball, location: 2F
1-2: Ball
2-2: Foul Ball, location: 2F
2-2: Foul Ball, location: 2F
2-2: Strikes out swinging
Batting: SHB Marvin López 0-0: Ball
1-0: Ball
2-0: Ball
3-0: Base on Balls
Batting: SHB Hoyt Norris 0-0: Fly out, F9 (Flyball, 9D)
Bottom of the 8th over - 0 run(s), 0 hit(s), 0 error(s), 1 left on base; Nashua 6 - Montgomery 7
TOP OF THE 9TH
Nashua Redlegs batting - Pitching for Montgomery Grey Sox : RHP Brian Barker
Pinch Hitting: LHB Mike Harris 0-0: Ball
1-0: Ball
2-0: Called Strike
2-1: Called Strike
2-2: Foul Ball, location: 2F
2-2: Foul Ball, location: 2F
2-2: Ball
3-2: Base on Balls
Pinch Hitting: RHB Héctor Vázquez 0-0: Reached on error, E3 (Groundball, 34S)
Mike Harris to second
Batting: LHB Richard Olvera 0-0: DOUBLE (Line Drive, 9LM)
Mike Harris scores
Héctor Vázquez to third
Pitching: RHP Calvin Snyder
Batting: RHB Juan Cardoza 0-0: Called Strike
0-1: Ball
1-1: Swinging Strike
1-2: Ball
2-2: SINGLE (Flyball, 4D)
Héctor Vázquez scores
Richard Olvera to third
Batting: LHB Keith Green 0-0: Called Strike
0-1: Ball
1-1: Called Strike
1-2: Ball
2-2: Ball
3-2: Strikes out swinging
Batting: RHB Jacob Pope 0-0: Ball
1-0: Grounds into double play, 6-4-3 (Groundball, 6)
Top of the 9th over - 2 run(s), 2 hit(s), 1 error(s), 1 left on base; Nashua 8 - Montgomery 7
BOTTOM OF THE 9TH
Montgomery Grey Sox batting - Pitching for Nashua Redlegs : RHP Tomás Silva
Pitching: RHP José Gusmán
Now at C: António Pérez
Now at 1B: Alan Evans
Now at 3B: Héctor Vázquez
Batting: LHB Al Gaines 0-0: Called Strike
0-1: Swinging Strike
0-2: Ball
1-2: Strikes out looking
Batting: SHB Wilson Bray 0-0: Fly out, F8 (Flyball, 8LS)
Batting: LHB Bob Jones 0-0: Foul Ball, location: 2F
0-1: Ball
1-1: Foul Ball, location: 2F
1-2: Foul Ball, location: 2F
1-2: Foul Ball, location: 2F
1-2: Strikes out swinging
Bottom of the 9th over - 0 run(s), 0 hit(s), 0 error(s), 0 left on base; Nashua 8 - Montgomery 7
Monday, December 5th, 2016 - OOTP Baseball 17.12 Build 75